 Dungeon Crawl Stone Soup version 0.31-a0-948-gf5be29c462 (webtiles) character file.

Game seed: 7047839651565183336

238 Arzdou the Changeling (level 6, -7/41 HPs)
             Began as an Octopode Shapeshifter on Oct 21, 2023.
             Was an Initiate of Gozag.
             Mangled by a gnoll
             ... wielding a +0 halberd
              (12 damage)
             ... on level 3 of the Dungeon.
             The game lasted 00:06:18 (1993 turns).

Arzdou the Changeling (Octopode Shapeshifter)       Turns: 1993, Time: 00:06:18

Health: -7/41      AC:  1    Str: 13    XL:     6   Next: 7%
Magic:  6/6        EV: 13    Int: 14    God:    Gozag
Gold:   110        SH:  0    Dex: 12    Spells: 5/5 levels left

rFire   + .          .
                       - Unarmed
rCold   + . .        (no shield)
rNeg    . . .        (helmet currently unavailable)
rPois   +            (no amulet)
rElec   +            (no ring)
rCorr   +            (no ring)
SInv    .            (no ring)
Will    .....        (no ring)
Stlth   ++           (no ring)
HPRegen 0.26/turn    (no ring)
MPRegen 0.10/turn    (no ring)
                     (no ring)

%: no passive effects
@: beast-form, resistant
A: beast (slay +2), almost no armour, amphibious, 8 rings, camouflage 1,
gelatinous body 1, (nimble swimmer 1), tentacles
a: Begin Untransformation, Renounce Religion, Potion Petition, Call Merchant,
Bribe Branch


You were on level 3 of the Dungeon.
You worshipped Gozag.
Gozag was aware of your devotion.
You were a hulking beast.
You visited 1 branch of the dungeon, and saw 4 of its levels.

You collected 176 gold pieces.
You paid 66 gold pieces to Gozag.

Inventory:

Jewellery
 i - a ring of ice
Talismans
 b - a beast talisman (active)
 c - a flux talisman
Scrolls
 g - a scroll of enchant armour
 h - a scroll of identify
Potions
 f - 2 potions of resistance
 j - a potion of brilliance {unknown}


   Skills:
 - Level 2.7 Fighting
 - Level 3.2 Dodging
 - Level 3.9 Unarmed Combat
 + Level 4.4 Shapeshifting


You had 5 spell levels left.
You didn't know any spells.
Your spell library contained the following spells:

 Spells                   Type           Power      Damage    Failure   Level
 Ozocubu's Armour         Ice            0%         N/A       65%         3
 Ozocubu's Refrigeration  Ice            0%         4d7       100%        7


Dungeon Overview and Level Annotations

Branches:
Dungeon (4/15)
 Temple: D:4-7

Altars:
Gozag
The Shining One

Shops:
D:1 **

Annotations:
D:3 Grinder, Sigmund


Innate Abilities, Weirdness & Mutations

You are a hulking beast.
Your limbs bulge with bestial killing power. (Slay +2)
You cannot wear most types of armour.
You are amphibious.
You can wear up to eight rings at the same time.
Your skin changes colour to match your surroundings (Stealth+).
Your rubbery body absorbs attacks. (AC +1, EV +1)
((You are camouflaged when in or above water. (Stealth+)))
You have tentacles for arms and can constrict up to eight enemies at once.


Message History

The gnoll hits you from afar with a +0 halberd!
* * * LOW HITPOINT WARNING * * *
Sigmund mumbles some strange words.
Sigmund flickers and vanishes!
Deactivating autopickup; reactivate with Ctrl-A.
Grinder gestures at you. You resist with significant effort.
The gnoll hits you but does no damage. The gnoll barely misses you.
The gnoll hits you but does no damage.
You can move again.
Okay, then.
It was a potion of resistance.
You feel protected. The gnoll hits you but does no damage.
Grinder blinks!
Unknown command.
As you read the scroll labelled SEL QOTEBIU, it crumbles to dust.
It is a scroll of enchant armour.
You aren't carrying any armour which can be enchanted further.
The gnoll hits you from afar with a +0 halberd!
* * * LOW HITPOINT WARNING * * *
Unknown command.
As you read the scroll labelled FEOMMU AQEYRO, it crumbles to dust.
It is a scroll of identify.
e - a scroll of fog The gnoll hits you but does no damage.
Unknown command.
As you read the scroll of fog, it dissolves into smoke.
The gnoll hits you but does no damage.
Unknown command.
As you read the scroll labelled PYBRISHR PEDOVY, it crumbles to dust.
It is a scroll of amnesia.
You feel forgetful for a moment.
You feel less wooden.
You turn into a hulking beast.
The gnoll barely misses you.
Unknown command.
The gnoll attacks as it pursues you!
The gnoll hits you from afar with a +0 halberd!
You die...
Your body crumbles into a pile of gold.

##.###....##......#
#.......###.....[#
#######.## #......#
################5##
##8#8###.#.## #.#
.8.#.#.#.#..# #.#
.†.........## #5#
.†.†.......## #§#
#8.#.#.#.#..# #h#
.###⌠###_#_## #§#
.########### #g#
.#.#...# #§#
.).....# .g5g..§§#
##.##.## ......###
#..#.## ###..#
##....# #..# ###..#
#..#


You could see Grinder and a gnoll.

Vanquished Creatures
  A scorpion (D:3)
  An iguana (D:2)
  4 adders (D:3)
  6 gnolls
  A worm (D:3)
  4 bats
  5 endoplasms
  2 giant cockroaches
  7 goblins
  8 hobgoblins
  4 quokkas
  4 ball pythons
  A frilled lizard (D:1)
  3 kobolds
  6 rats
57 creatures vanquished.

Notes
Turn   | Place    | Note
-------+----------+-------------------------------------------
     0 | D:1      | Arzdou the Octopode Shapeshifter began the quest for the
                  | Orb.
     0 | D:1      | Reached XP level 1. HP: 13/13 MP: 1/1
    88 | D:1      | Reached XP level 2. HP: 18/18 MP: 2/2
   256 | D:1      | Found Copiplic's Assorted Antiques.
   302 | D:1      | Found Ybaonischa's General Store.
   403 | D:1      | Reached XP level 3. HP: 23/23 MP: 3/3
  1091 | D:3      | Noticed a scorpion
  1105 | D:3      | Killed a scorpion
  1106 | D:3      | Reached XP level 4. HP: 30/30 MP: 4/4
  1106 | D:3      | Reached XP level 5. HP: 35/35 MP: 5/5
  1480 | D:3      | Noticed Grinder
  1503 | D:2      | Reached skill level 4 in Shapeshifting
  1628 | D:3      | Paralysed by Grinder for 4 turns
  1635 | D:3      | Paralysed by Grinder for 3 turns
  1762 | D:3      | Found a glowing golden altar of the Shining One.
  1763 | D:3      | Found an opulent altar of Gozag.
  1767 | D:3      | Became a worshipper of Gozag Ym Sagoz the Greedy
  1941 | D:3      | Reached XP level 6. HP: 41/41 MP: 6/6
  1976 | D:3      | Paralysed by Grinder for 4 turns
  1980 | D:3      | Noticed Sigmund
  1982 | D:3      | Paralysed by Grinder for 5 turns
  1993 | D:3      | Mangled by a gnoll

Illustrated notes

Levels and vault maps discovered:
D:1:      amcnicky_arrival_gap_in_the_tavern_cellar, layout_loops_ring,
          serial_shops, shop, nicolae_shop_getting_attention, minmay_unequal
D:2:      layout_rooms, st_stairs_8
D:3:      layout_basic, minitemple, corexii_leaking_fountain,
          hangedman_decor_clover_reticule, uniq_grinder, uniq_sigmund
D:4:      cheibrodos_pilgrimage, layout_rooms, item_on_display_a, uniq_duvessa

Skill      XL: |  1  2  3  4  5 |
---------------+----------------+-----
Fighting       | 2 |  2.7
Dodging        | 3 |  3.2
Shapeshifting  | 4 |  4.4
Unarmed Combat | |  3.9

Action                     |  1- 3 |  4- 6 || total
---------------------------+-------+-------++-------
  Melee: Unarmed           |    79 |    59 ||   138
         Constrict         |    18 |    13 ||    31
         Tentacles         |    13 |     9 ||    22
         Punch             |       |     2 ||     2
    Use: Potion            |     1 |     3 ||     4
         Scroll            |       |     6 ||     6
   Stab: Sleeping          |     3 |     4 ||     7
 Armour: Skin              |    38 |    61 ||    99
  Dodge: Dodged            |    29 |    33 ||    62

Table legend: (Time is in decaauts)
 A = Elapsed time spent in this place.
 B = Non-inter-level travel time spent in this place.
 C = Inter-level travel time spent in this place.
 D = Time resting spent in this place.
 E = Time spent auto-exploring this place.
 F = Levels seen in this place.
 G = Mean time per level.
                   A        B        C        D        E       F      G
               +--------+--------+--------+--------+--------+-----+--------+
         Total |   1987 |   1918 |     69 |      0 |   1414 |   4 |  496.8 |
       Dungeon |   1987 |   1918 |     69 |      0 |   1414 |   4 |  496.8 |
               +--------+--------+--------+--------+--------+-----+--------+

Top non-repeatable levels by time:
     D:3: 747 daAuts
     D:1: 647 daAuts
     D:2: 590 daAuts
     D:4: 1 daAuts
